 Dungeon Crawl Stone Soup version 0.20.1-1-g8b1a95d (webtiles) character file.

898 Monsterracer the Covert (level 7, 0/33 HPs)
             Began as a Spriggan Enchanter on Aug 11, 2017.
             Was an Initiate of Dithmenos.
             Slain by an orc wizard
             ... wielding a +1 dagger of protection
              (5 damage)
             ... on level 4 of the Dungeon.
             The game lasted 00:14:48 (5863 turns).

Monsterracer the Covert (Spriggan Enchanter)        Turns: 5863, Time: 00:14:48

Health: 0/33       AC:  3    Str:  4    XL:     7   Next: 79%
Magic:  2/14       EV: 21    Int: 16    God:    Dithmenos [......]
Gold:   196        SH:  0    Dex: 19    Spells: 3/14 levels left

rFire    + . .     SeeInvis +   a - +2 short sword (freeze)
rCold    . . .     Gourm    .   (shield restricted)
rNeg     . . .     Faith    .   i - +1 robe
rPois    .         Spirit   .   (helmet restricted)
rElec    .         Reflect  .   h - scarf {repulsion}
rCorr    .         Harm     .   (gloves unavailable)
MR       +....                  (boots unavailable)
Stlth    ++++......             (no amulet)
Regen    0.2/turn               (no ring)
MPRegen  0.2/turn               n - ring of protection from fire

@: very slightly contaminated, repel missiles, very quick
A: unfitting armour, see invisible, herbivore 3, speed 3, slow metabolism 2
a: Renounce Religion


You were on level 4 of the Dungeon.
You worshipped Dithmenos.
Dithmenos was noncommittal.
You were very hungry.

You visited 2 branches of the dungeon, and saw 6 of its levels.

You collected 196 gold pieces.

Inventory:

Hand Weapons
 a - a +2 short sword of freezing (weapon)
 b - a +1 dagger
Armour
 e - a +0 buckler
 h - a scarf of repulsion (worn)
 i - a +1 robe (worn)
Jewellery
 n - a ring of protection from fire (right hand)
Scrolls
 f - 2 scrolls of teleportation
 j - 2 scrolls of identify
 s - a scroll of fog
Potions
 c - a potion of heal wounds
 k - a potion of cancellation
 l - a potion of curing
 m - a potion of lignification
 o - a potion of flight
 r - 2 potions of haste
Comestibles
 d - 4 bread rations
 g - 2 fruits


   Skills:
 + Level 1.2 Fighting
 - Level 5.2 Short Blades
 * Level 4.7 Dodging
 - Level 8.1 Stealth
 - Level 4.2 Spellcasting
 - Level 6.2 Hexes


You had 3 spell levels left.
You knew the following spells:

 Your Spells              Type           Power        Failure   Level  Hunger
a - Dazzling Spray        Conj/Hex       ##....       14%         3    ###....
b - Ensorcelled Hibernat  Hex/Ice        ##....       7%          2    ##.....
c - Confuse               Hex            ###.....     3%          3    ###....
d - Tukima's Dance        Hex            ###.....     3%          3    ###....


Dungeon Overview and Level Annotations

Branches:
Dungeon (5/15)             Temple (1/1) D:4

Altars:
Ashenzari
Cheibriados
Dithmenos
Elyvilon
Gozag
Hepliaklqana
Kikubaaqudgha
Makhleb
Nemelex Xobeh
Okawaru
Qazlal
Sif Muna
Trog
Vehumet
Xom
Yredelemnul
Zin
The Shining One


Innate Abilities, Weirdness & Mutations

You are very small and have problems with some larger weapons.
You are too small for most types of armour.
You have supernaturally acute eyesight. (SInv)
You are a herbivore.
You cover ground extremely quickly.
You need consume almost no food.


Message History

Damage: -3%(-1hp) hp: 31%(10hp)
Casting: Ensorcelled Hibernation
Confirm with . or Enter, or press ? or * to list all spells.
Aiming: Ensorcelled Hibernation
Press: ? - help, Shift-Dir - straight line, f - orc wizard, p - orc wizard
Aim: an orc wizard, wielding a dagger and wearing a robe (lightly wounded, chance to defeat MR: 44%)
The orc wizard looks drowsy...
* * * LOW MAGIC WARNING * * *
The orc wizard hits you with a dagger of protection.
* * * LOW HITPOINT WARNING * * *
The orc wizard hits you with a dagger of protection.
* * * LOW HITPOINT WARNING * * *
Huge Dmg: -18%(-6hp) hp: 13%(4hp)
The helpless orc wizard fails to defend itself.
You stick the orc wizard like a pincushion!!!
You freeze the orc wizard.
You kill the orc wizard!
Dithmenos accepts your kill.
The orc wizard hits you with a dagger of protection.
You die...

#.........#......:..####.####.#
..#.##)##...##...........#.##.###
###.##.###.###.####.#####...#.#.#
##...#.# #.# #.#(................
#......###.###.#.##.#####..>###.#
.......#...>.#.#.##.# ##.##....
#.....##.[(..#...##.# ####.##....
##...###..........#.###..........
......)[......(o@)....#.##.##....
###<#.##[...(...).....#..........
#...#####..............###.##.#
####.#### #.#..[.........# #....#
#.......# #.#..........#.###.####
#.#####.# #.#...####.#.#.....####
#%# #.###.#...####.#.###.#.##..
..# #............#.#.# #.#.##.#
#.# #.#####...##.#.#.###.#.##.#


You could see an orc wizard.

Vanquished Creatures
  Grinder (D:3)
  The ghost of Frank the Cutter, an amateur OpMo (D:3)
  An ogre (D:4)
  A crimson imp (D:5)
  A hound (D:3)
  4 orc priests
  A centaur skeleton (D:4)
  4 orc wizards (D:4)
  Jessica (D:3)
  3 worker ants
  A gnoll (D:5)
  3 adders
  2 worms
  A dart slug (D:1)
  4 leopard geckos
  19 orcs
  4 giant cockroaches
  5 hobgoblins
  7 jackals
  2 quokkas (D:4)
  A ball python (D:4)
  9 bats
  5 frilled lizards
  5 kobolds
  7 rats
  A butterfly (D:4)
94 creatures vanquished.

Notes
Turn   | Place    | Note
-------+----------+-------------------------------------------
     0 | D:1      | Monsterracer the Spriggan Enchanter began the quest for the Orb.
     0 | D:1      | Reached XP level 1. HP: 9/9 MP: 5/5
    66 | D:1      | HP: 4/9 [dart slug/slug dart (5)]
   379 | D:1      | Reached XP level 2. HP: 13/13 MP: 6/6
   383 | D:1      | Learned a level 2 spell: Ensorcelled Hibernation
   575 | D:1      | Reached skill level 5 in Stealth
  1155 | D:2      | Reached XP level 3. HP: 16/16 MP: 8/8
  1214 | D:2      | HP: 7/16 [jackal (2)]
  1221 | D:2      | HP: 4/16 [jackal (3)]
  2012 | D:3      | Noticed Grinder
  2015 | D:3      | Paralysed by Grinder for 5 turns
  2037 | D:3      | HP: 8/16 [Grinder/nerve-wracking pain (7)]
  2054 | D:2      | Learned a level 3 spell: Confuse
  2205 | D:3      | Killed Grinder
  2205 | D:3      | Reached skill level 7 in Stealth
  2205 | D:3      | Reached XP level 4. HP: 20/21 MP: 6/9
  2205 | D:3      | Reached XP level 5. HP: 23/24 MP: 6/10
  2637 | D:3      | Found a burning altar of Makhleb.
  2646 | D:3      | Reached XP level 6. HP: 22/28 MP: 2/11
  2712 | D:3      | Learned a level 3 spell: Dazzling Spray
  2761 | D:3      | Noticed Frank's ghost (amateur OpMo)
  2874 | D:3      | HP: 13/28 [Frank's ghost (2)]
  2880 | D:3      | HP: 10/28 [Frank's ghost (4)]
  2901 | D:3      | HP: 15/42 [Frank's ghost (2)]
  2906 | D:3      | Killed Frank's ghost
  2906 | D:3      | Reached skill level 5 in Short Blades
  2906 | D:3      | Reached skill level 8 in Stealth
  3314 | D:3      | Noticed Jessica
  3356 | D:3      | Killed Jessica
  3581 | D:4      | HP: 12/28 [orc/hand axe (9)]
  3911 | D:4      | Learned a level 3 spell: Tukima's Dance
  4197 | D:4      | Reached skill level 5 in Hexes
  4197 | D:4      | Reached XP level 7. HP: 27/32 MP: 5/13
  4410 | D:4      | HP: 14/32 [orc/dagger (4)]
  4690 | D:4      | HP: 12/32 [orc wizard/magic dart (8)]
  4695 | D:4      | HP: 6/32 [orc wizard/puff of frost (7)]
  5005 | D:4      | HP: 14/32 [orc wizard/dagger (5)]
  5022 | D:4      | HP: 9/32 [orc/club (5)]
  5045 | D:4      | HP: 6/32 [orc/whip (5)]
  5289 | D:4      | Found a staircase to the Ecumenical Temple.
  5314 | D:4      | HP: 15/32 [centaur skeleton (7)]
  5338 | Temple   | Entered the Ecumenical Temple
  5428 | Temple   | Became a worshipper of Dithmenos the Shadowed
  5573 | D:5      | Entered Level 5 of the Dungeon
  5595 | D:5      | HP: 16/32 [orc/club (2)]
  5602 | D:5      | HP: 6/32 [orc priest/divine providence (11)]
  5627 | D:5      | Found a shattered altar of Ashenzari.
  5684 | D:5      | HP: 10/32 [orc/club (2)]
  5732 | D:5      | HP: 8/32 [gnoll/enchanted flail (4)]
  5834 | D:4      | HP: 15/32 [orc wizard/dagger of protection (3)]
  5840 | D:4      | HP: 14/32 [orc wizard/dagger of protection (1)]
  5845 | D:4      | Reached skill level 1 in Fighting
  5848 | D:4      | HP: 14/33 [orc wizard/dagger of protection (1)]
  5859 | D:4      | HP: 11/33 [orc wizard/dagger of protection (4)]
  5862 | D:4      | HP: 4/33 [orc wizard/dagger of protection (3)]
  5863 | D:4      | Slain by an orc wizard

Skill      XL: |  1  2  3  4  5  6  7 |
---------------+----------------------+-----
Short Blades   | 2 4 5 |  5.2
Stealth        | 5 7 8 |  8.1
Spellcasting   | 3 4 |  4.2
Hexes          | 5 6 |  6.2
Dodging        | 4 |  4.7
Fighting       | 1 |  1.2

Action                   |  1- 3 |  4- 6 |  7- 9 || total
-------------------------+-------+-------+-------++-------
Melee: Dagger            |   149 |    13 |    33 ||   195
       Short sword       |    19 |   165 |   113 ||   297
 Cast: Ensorcelled Hiber |     6 |    20 |    17 ||    43
       Corona            |     2 |       |       ||     2
       Confuse           |     1 |    10 |     4 ||    15
       Dazzling Spray    |       |       |     5 ||     5
  Use: Scroll            |     6 |     9 |       ||    15
       Potion            |       |     1 |       ||     1
 Stab: Sleeping          |    14 |    14 |    13 ||    41
       Confused          |     2 |     1 |     2 ||     5
       Invisible         |       |       |     4 ||     4
       Distracted        |       |       |     1 ||     1
  Eat: Royal jelly       |       |     2 |       ||     2
       Fruit             |       |     1 |     1 ||     2
Armor: Robe              |    12 |    10 |     7 ||    29
       Skin              |       |    17 |       ||    17
Dodge: Dodged            |   163 |   112 |   115 ||   390
       Deflected         |       |       |     1 ||     1
